 Dungeon Crawl Stone Soup version 0.27-a0-1202-ge72e49191c (webtiles) character file.

Game seed: 11605695299630524627

735 freelancePsychic the Digger (level 7, 0/36 HPs)
             Began as a Gargoyle Earth Elementalist on June 3, 2021.
             Was a Follower of Uskayaw.
             Slain by Pikel
             ... wielding a +0 whip of electrocution
              (1 damage)
             ... on level 3 of the Dungeon.
             The game lasted 00:11:01 (4311 turns).

freelancePsychic the Digger (GrEE)                  Turns: 4311, Time: 00:11:01

Health: 0/36       AC:  6    Str: 12    XL:     7   Next: 74%
Magic:  3/10       EV: 11    Int: 17    God:    Uskayaw [*.....]
Gold:   290        SH:  0    Dex: 10    Spells: 2/10 levels left

rFire    . . .     SeeInvis .   a - +0 dagger (elec)
rCold    . . .     Faith    .   (no shield)
rNeg     + . .     Spirit   .   c - +0 robe
rPois    ∞         Reflect  .   (no helmet)
rElec    +         Harm     .   (no cloak)
rCorr    .         Rampage  .   (no gloves)
Will     .....                  (no boots)
Stlth    ++........             (no amulet)
HPRegen  0.12/turn              (no ring)
MPRegen  0.12/turn              (no ring)

@: mighty
A: sickness immunity, AC +4, negative energy resistance 1, electricity
resistance, torment resistance 1, petrification resistance
a: Renounce Religion, Stomp


You were on level 3 of the Dungeon.
You worshipped Uskayaw.
Uskayaw was noncommittal.
You visited 1 branch of the dungeon, and saw 4 of its levels.

You collected 290 gold pieces.

Inventory:

Hand Weapons
 a - a +0 dagger of electrocution (weapon)
 b - a +2 dagger of venom
Missiles
 d - 156 stones
 o - a curare-tipped dart
 p - a throwing net
Armour
 c - a +0 robe (worn)
Magical Staves
 m - a staff of death
Scrolls
 f - 2 scrolls of identify {@r1}
Potions
 e - 2 potions of ambrosia {unknown}
 g - a potion of might
 h - 2 potions of curing {unknown}
 i - a potion of magic
 k - 2 potions of berserk rage {unknown}
 l - 2 potions of lignification {unknown}
 n - a potion of brilliance {unknown}


   Skills:
 + Level 4.9 Short Blades
 - Level 1.5 Dodging
 - Level 2.4 Stealth
 - Level 2.3 Spellcasting
 - Level 1.5 Conjurations
 - Level 0.7 Transmutations
 + Level 7.6 Earth Magic


You had 2 spell levels left.
You knew the following spells:

 Your Spells              Type           Power      Damage    Failure   Level
a - Sandblast             Erth           56%        2d13      1%          1
b - Stone Arrow           Conj/Erth      34%        3d9       9%          3
c - Petrify               Tmut/Erth      16%        N/A       32%         4

Your spell library contained the following spells:

 Spells                   Type           Power      Damage    Failure   Level
 Passwall                 Tmut/Erth      13%        N/A       4%          2
 Lee's Rapid Deconstruct  Erth           14%        3d10*     22%         5


Dungeon Overview and Level Annotations

Branches:
Dungeon (4/15)
 Temple: D:4-7

Altars:
Uskayaw

Annotations:
D:3 Pikel


Innate Abilities, Weirdness & Mutations

You are immune to sickness and miasma.
Your stone body is resilient. (AC +4)
You are immune to poison.
You resist negative energy. (rN+)
You are resistant to electric shocks. (rElec)
You are resistant to unholy torment.
You are immune to petrification.


Message History

You hear the slow rusting of a very distant drain.
Pikel hits you with a +0 whip of electrocution.
Pikel barely misses you.
Casting: Sandblast (safe; 1% risk of failure)
Confirm with . or Enter, or press ? or * to list all spells.
Aiming: Sandblast (safe; 1% risk of failure)
Press: ? - help, Shift-Dir - straight line, f/p - Pikel
Aim: Pikel, wielding a +0 whip of electrocution and wearing a +2 robe of willpower (fast, 76% to hit)
The blast of sand hits Pikel but does no damage.
An orc comes into view. It is wielding a +0 club.
Pikel hits you with a +0 whip of electrocution.
An orc comes into view. It is wielding a +0 flail.
Casting: Sandblast (safe; 1% risk of failure)
Confirm with . or Enter, or press ? or * to list all spells.
Aiming: Sandblast (safe; 1% risk of failure)
Press: ? - help, Shift-Dir - straight line, f/p - Pikel
Aim: Pikel, wielding a +0 whip of electrocution and wearing a +2 robe of willpower (fast, 76% to hit)
The blast of sand hits Pikel but does no damage.
The orc shouts!
Pikel hits you with a +0 whip of electrocution! x2
* * * LOW HITPOINT WARNING * * *
Pikel says, "You'll freeze in Cocytus!"
Blink to where?
Press: ? - help, Dir - move target, p - Pikel
As you read the scroll of blinking, it crumbles to dust.
Pikel says, "Time is money, and you're costing me too much!"
Pikel hits you with a +0 whip of electrocution.
* * * LOW HITPOINT WARNING * * *
There is a stone staircase leading up here.
Pikel closely misses you.
You climb upwards.
There is a stone staircase leading down here.
Okay, then.
It was a potion of might.
You feel very mighty all of a sudden. Pikel misses you.
Pikel barely misses you.
You puncture Pikel!
Pikel is moderately wounded.
Pikel hits you with a +0 whip of electrocution.
You die...

# ###.### #
#.# # #.# #
#.## # #..##
#######...#
#.....#...###
#.###.K.....#
#.#..@......#
#.#.#.......#
#.....#...###
###.###...#
#)# ##### #.#
#.#
#########.#
#.........#


You could see Pikel (fast).

Vanquished Creatures
  Grinder (D:3)
  A lemure (D:4)
  2 kobold brigands (D:3)
  A scorpion (D:4)
  A bullfrog zombie (D:3)
  A hound (D:3)
  An orc priest (D:3)
  Robin (D:3)
  8 gnolls (D:3)
  4 adders
  A worm (D:3)
  2 dart slugs
  3 orcs (D:3)
  7 ball pythons
  An endoplasm (D:2)
  3 giant cockroaches
  7 hobgoblins
  9 jackals
  3 quokkas
  4 bats (D:1)
  8 frilled lizards
  16 goblins
  41 kobolds
  5 rats
131 creatures vanquished.

Notes
Turn   | Place    | Note
-------+----------+-------------------------------------------
     0 | D:1      | freelancePsychic the Gargoyle Earth Elementalist began the
                  | quest for the Orb.
     0 | D:1      | Reached XP level 1. HP: 10/10 MP: 3/3
   218 | D:1      | Reached skill level 1 in Conjurations
   218 | D:1      | Reached XP level 2. HP: 15/15 MP: 1/5
   445 | D:1      | Reached skill level 4 in Earth Magic
   709 | D:1      | Reached XP level 3. HP: 18/19 MP: 6/6
   749 | D:1      | Learned a level 3 spell: Stone Arrow
  1198 | D:2      | Reached skill level 1 in Short Blades
  1453 | D:2      | Reached XP level 4. HP: 21/24 MP: 7/7
  1754 | D:3      | Found a faded altar of an unknown god.
  1850 | D:3      | Became a worshipper of Uskayaw the Reveller
  1850 | D:3      | Reached * piety under Uskayaw
  1928 | D:3      | Reached ** piety under Uskayaw
  1932 | D:3      | Reached skill level 5 in Earth Magic
  1932 | D:3      | Reached XP level 5. HP: 22/28 MP: 4/8
  2096 | D:3      | Noticed a kobold brigand
  2117 | D:3      | Killed a kobold brigand
  2311 | D:3      | Reached XP level 6. HP: 23/32 MP: 4/9
  2606 | D:3      | Reached skill level 6 in Earth Magic
  3042 | D:3      | Reached *** piety under Uskayaw
  3050 | D:3      | Reached **** piety under Uskayaw
  3472 | D:3      | Noticed Robin
  3486 | D:3      | Killed Robin
  3487 | D:3      | Reached XP level 7. HP: 22/36 MP: 3/10
  3602 | D:2      | Learned a level 4 spell: Petrify
  3754 | D:3      | Noticed Grinder
  3792 | D:3      | Killed Grinder
  3793 | D:3      | Reached skill level 7 in Earth Magic
  4280 | D:4      | Noticed Pikel
  4307 | D:4      | HP: 1/36 [Pikel/+0 whip of electrocution (5)]
  4311 | D:3      | Slain by Pikel

Illustrated notes

Levels and vault maps discovered:
D:1:      dpeg_arrival_lava_temple_mockup, layout_basic
D:2:      layout_loops_cross
D:3:      minmay_goblin_kobold_castle, layout_loops_ring,
          shapermc_ecumenical_altar_starsandcircs, uniq_robin, uniq_grinder
D:4:      layout_basic, slow_altar_2, minmay_overflow_temple_star_quad,
          portal_sewer_entry_f, uniq_pikel

Skill      XL: |  1  2  3  4  5  6  7 |
---------------+----------------------+-----
Conjurations   | 1 |  1.5
Earth Magic    | 4 5 6 7 |  7.6
Short Blades   | 1 2 3 4 |  4.9
Dodging        | |  1.5
Stealth        | |  2.4
Spellcasting   | |  2.3
Transmutations | |  0.7

Action                   |  1- 3 |  4- 6 |  7- 9 || total
-------------------------+-------+-------+-------++-------
Melee: Dagger            |    84 |   140 |    37 ||   261
 Cast: Sandblast         |    17 |    44 |    31 ||    92
  Use: Scroll            |       |     2 |     2 ||     4
       Potion            |       |       |     1 ||     1
 Stab: Sleeping          |     7 |     1 |     1 ||     9
       Paralysed         |       |     1 |       ||     1
Armor: Robe              |    30 |    49 |    15 ||    94
Dodge: Dodged            |    54 |    98 |    22 ||   174

Table legend: (Time is in decaauts)
 A = Elapsed time spent in this place.
 B = Non-inter-level travel time spent in this place.
 C = Inter-level travel time spent in this place.
 D = Time resting spent in this place.
 E = Time spent auto-exploring this place.
 F = Levels seen in this place.
 G = Mean time per level.
                   A        B        C        D        E       F      G
               +--------+--------+--------+--------+--------+-----+--------+
         Total |   4290 |   4158 |    132 |    149 |   3240 |   4 | 1072.5 |
       Dungeon |   4290 |   4158 |    132 |    149 |   3240 |   4 | 1072.5 |
               +--------+--------+--------+--------+--------+-----+--------+

Top non-repeatable levels by time:
     D:3: 2443 daAuts
     D:1: 926 daAuts
     D:2: 862 daAuts
     D:4: 58 daAuts
